 Dungeon Crawl Stone Soup version 0.29-a0-284-gf9362112df (webtiles) character file.

Game seed: 16992866898594445374

3621 sizableburger the Cudgeller (level 9, -2/84 HPs)
             Began as a Deep Elf Fighter on Mar 30, 2022.
             Was an Elder of Okawaru.
             Slain by an orc knight
             ... wielding a +0 war axe
              (12 damage)
             ... in a bailey.
             The game lasted 00:23:49 (10326 turns).

sizableburger the Cudgeller (Deep Elf Fighter)     Turns: 10326, Time: 00:23:49

Health: -2/84      AC: 24    Str: 17    XL:     9   Next: 87%
Magic:  12/12      EV:  2    Int: 14    God:    Okawaru [****..]
Gold:   355        SH:  4    Dex: 14    Spells: 8/8 levels left

rFire   . . .      SeeInvis .   v - +5 flail (drain)
rCold   + + .      Faith    .   c - +0 buckler
rNeg    . . .      Spirit   .   (body armour currently unavailable)
rPois   +          Reflect  .   (helmet currently unavailable)
rElec   .          Harm     .   (cloak currently unavailable)
rCorr   .          Rampage  .   (gloves currently unavailable)
Will    .....      NoTele   +   (boots currently unavailable)
Stlth   +.........              (no amulet)
HPRegen 0.24/turn               s - ring of protection from cold
MPRegen 0.13/turn               E - ring of protection from cold

@: mighty, tree-form, on berserk cooldown, slowed, very slow
A: stationary, stasis, torment immunity, boosted hp
a: Renounce Religion, Heroism, Finesse


You were in a bailey.
You worshipped Okawaru.
Okawaru was greatly pleased with you.
You were a tree.
You visited 2 branches of the dungeon, and saw 8 of its levels.
You also visited: Bailey.

You collected 471 gold pieces.
You spent 116 gold pieces at shops.

Inventory:

Hand Weapons
 v - a +5 flail of draining (weapon)
Missiles
 y - 9 boomerangs (quivered)
 A - 5 poisoned darts
 B - a curare-tipped dart
Armour
 a - a +0 pair of boots (melded)
 b - a +0 helmet (melded)
 c - a +0 buckler (worn)
 l - a +0 pair of gloves (melded)
 p - a +2 cloak (melded)
 t - a +0 chain mail (melded)
Jewellery
 g - a ring of ice
 s - a ring of protection from cold (left branch)
 E - a ring of protection from cold (right branch)
Wands
 k - a wand of polymorph (8)
 q - a wand of flame (8)
Scrolls
 n - a scroll of immolation
 x - a scroll of blinking
 C - a scroll of enchant armour
 D - a scroll of identify
Potions
 d - a potion of might
 f - a potion of magic {unknown}
 h - a potion of attraction {unknown}
 i - 4 potions of curing
 j - a potion of ambrosia {unknown}
 m - a potion of haste {unknown}
 u - 3 potions of flight
 w - 2 potions of heal wounds {unknown}
 z - 2 potions of mutation {unknown}


   Skills:
 + Level 6.4 Fighting
 - Level 4.6(6.9) Axes
 + Level 7.3(7.9) Maces & Flails
 - Level 2.0 Throwing
 - Level 4.0 Armour
 - Level 2.5 Shields
 - Level 2.1 Invocations
 + Level 1.3 Evocations


You had 8 spell levels left.
You didn't know any spells.
Your spell library was empty.

Dungeon Overview and Level Annotations

Branches:
Dungeon (7/15)             Temple (1/1) D:5          Bailey (1/1)

Altars:
Ashenzari
Cheibriados
Dithmenos
Elyvilon
Fedhas
Gozag
Hepliaklqana
Makhleb
Nemelex Xobeh
Okawaru
Qazlal
Ru
Trog
Uskayaw
Vehumet
Xom
Yredelemnul
The Shining One

Shops:
D:1 [


Message History

You are exhausted.
You feel yourself slow down. You block the orc knight's attack.
Really quaff the potion of lignification?
You turn into a tree.
Your +2 cloak melds into your body.
Your +0 helmet melds into your body.
Your +0 pair of gloves melds into your body.
Your +0 pair of boots melds into your body.
Your +0 chain mail melds into your body.
Your roots penetrate the ground.
The orc knight hits you but does no damage.
You feel very mighty all of a sudden.
You feel like a meek peon again.
The orc knight is no longer covered in acid.
The orc knight hits you but does no damage.
The orc knight hits you with a +0 war axe!
You sock the orc knight!
The orc knight is heavily wounded.
The orc knight hits you with a +0 war axe!
* * * LOW HITPOINT WARNING * * *
Aiming: Corrosive Bolt
Press: ? - help, Shift-Dir - straight line, f/p - orc knight
Aim: an orc knight, wielding a +0 war axe and wearing a +0 chain mail (heavily wounded, 68% to hit)
The bolt of acid hits the orc knight!
The orc knight is severely wounded.
The bolt of acid hits the goblin!
The acid corrodes the goblin!
You kill the goblin!
Okawaru accepts your kill.
The orc knight hits you with a +0 war axe!
* * * LOW HITPOINT WARNING * * *
The orc knight hits you but does no damage.
Aiming: Corrosive Bolt
Press: ? - help, Shift-Dir - straight line, f/p - orc knight
Aim: an orc knight, wielding a +0 war axe and wearing a +0 chain mail (severely wounded, 68% to hit)
The bolt of acid misses the orc knight.
The bolt of acid hits the hobgoblin!
The acid corrodes the hobgoblin!
You kill the hobgoblin!
Okawaru accepts your kill.
The now-empty wand crumbles to dust.
The sentinel's mark upon you fades away.
The orc knight hits you with a +0 war axe!
You die...

#.......## .#.....#.#
########.#############
.....................####
....#########...........##
##### ##'#.........##
#..#....⌠.....#
#..###.......#
###.)o♣#.....### ##.
........###......#### .#.
####'####..#.....≈≈≈≈≈≈≈
≈####...ggo.####..≈≈≈≈≈≈≈≈≈#
≈≈≈∩#...gKog#∩≈≈≈≈≈≈)....##
≈≈≈≈#########≈≈≈≈≈..)...##
##≈≈≈≈≈≈≈≈≈≈≈≈≈..).....##
##≈≈≈≈≈≈≈≈≈........###
#.............####


You could see an orc knight.

Vanquished Creatures
  6 yaks
  5 humans (D:6)
  A water moccasin (D:7)
  6 orc warriors (Bailey)
  A black bear (D:5)
  An ice beast (D:6)
  2 sky beasts
  2 ogres (D:5)
  A phantom (D:5)
  A kobold brigand (D:7)
  2 necrophages (D:6)
  4 hounds
  2 orc priests
  2 iguanas
  3 orc wizards (D:5)
  6 gnolls
  11 adders
  A shadow imp (D:7)
  2 ufetubi (D:6)
  A worm (D:3)
  A dart slug (D:1)
  25 orcs
  4 bats
  4 endoplasms
  2 giant cockroaches (D:1)
  13 goblins
  6 hobgoblins
  2 jackals (D:1)
  5 quokkas
  4 ball pythons
  3 frilled lizards
  24 kobolds
  9 rats
  A spectral hobgoblin (D:2)
163 creatures vanquished.

Notes
Turn   | Place    | Note
-------+----------+-------------------------------------------
     0 | D:1      | sizableburger the Deep Elf Fighter began the quest for the
                  | Orb.
     0 | D:1      | Reached XP level 1. HP: 13/13 MP: 3/3
     3 | D:1      | Noticed an electric eel
     4 | D:1      | Noticed an electric eel
   437 | D:1      | Found Goivas's Armour Shop.
   453 | D:1      | Reached XP level 2. HP: 10/18 MP: 4/4
  1307 | D:2      | Reached XP level 3. HP: 22/22 MP: 5/5
  2005 | D:2      | Reached XP level 4. HP: 28/28 MP: 6/6
  2262 | D:2      | Found a faded altar of an unknown god.
  3218 | D:3      | Reached XP level 5. HP: 33/33 MP: 7/7
  3519 | D:5      | Entered Level 5 of the Dungeon
  4151 | D:4      | Noticed a sky beast
  4255 | D:5      | Found a staircase to the Ecumenical Temple.
  4345 | Temple   | Entered the Ecumenical Temple
  4385 | Temple   | Became a worshipper of Warmaster Okawaru
  4597 | D:5      | Noticed a black bear
  4608 | D:5      | Killed a black bear
  4609 | D:5      | Reached XP level 6. HP: 18/39 MP: 8/8
  4872 | D:5      | Reached * piety under Okawaru
  5235 | D:5      | Reached skill level 1 in Throwing
  5235 | D:5      | Reached XP level 7. HP: 39/44 MP: 9/9
  5287 | D:5      | Reached skill level 5 in Fighting
  5890 | D:5      | Reached skill level 1 in Maces & Flails
  6135 | D:5      | Reached skill level 1 in Invocations
  6217 | D:1      | Bought a +0 pair of boots for 58 gold pieces
  6217 | D:1      | Bought a +0 helmet for 58 gold pieces
  6998 | D:6      | Noticed a yak
  6998 | D:6      | Noticed a yak
  6998 | D:6      | Noticed a yak
  6998 | D:6      | Noticed a yak
  7020 | D:6      | Reached skill level 2 in Maces & Flails
  7470 | D:6      | Noticed a yak
  7500 | D:6      | Killed a yak
  7500 | D:6      | Reached ** piety under Okawaru
  7501 | D:6      | Reached skill level 3 in Maces & Flails
  7501 | D:6      | Reached XP level 8. HP: 49/49 MP: 11/11
  7561 | D:5      | Reached skill level 4 in Maces & Flails
  7881 | D:6      | Reached skill level 5 in Maces & Flails
  8099 | D:6      | Reached *** piety under Okawaru
  8100 | D:6      | Reached skill level 6 in Maces & Flails
  8100 | D:6      | Reached XP level 9. HP: 20/54 MP: 12/12
  9104 | D:7      | Reached skill level 7 in Maces & Flails
  9645 | D:7      | Found a flagged portal.
  9664 | Bailey   | Entered a bailey
  9673 | Bailey   | Noticed an orc knight
 10313 | Bailey   | Reached **** piety under Okawaru
 10314 | Bailey   | Reached skill level 1 in Evocations
 10326 | Bailey   | Slain by an orc knight

Illustrated notes

Levels and vault maps discovered:
D:1:      arrival_aquarium_b, layout_basic, serial_shops, shop_fountains,
          minmay_pentomino_s2
D:2:      cheibrodos_helix_gallery, layout_loops_cross,
          dreamdust_ecumenical_altar_drowned_temple
D:3:      layout_basic, nrook_mini_vaults, chequers_serial_rivers_micro_a
D:4:      layout_basic, serial_rivers, chequers_serial_rivers_micro_e,
          chequers_serial_rivers_small_3, chequers_serial_rivers_micro_a,
          chequers_serial_rivers_micro_c, chequers_serial_rivers_micro_e
D:5:      layout_cave_pools, temple_pool_b
D:6:      layout_gridville, minmay_ruffians
D:7:      layout_loops_cross, enter_bailey_5, gammafunk_ghost_nasty_kobolds
Temple:   nicolae_temple_the_god_donut
Bailey:   bailey_axe_4, bailey

Skill      XL: |  1  2  3  4  5  6  7  8  9 |
---------------+----------------------------+-----
Axes           | 2 3 4 |  4.6
Fighting       | 3 4 5 6 |  6.4
Throwing       | 1 2 |  2.0
Maces & Flails | 3 6 7 |  7.3
Invocations    | 2 |  2.1
Armour         | 4 |  4.0
Evocations     | 1 |  1.3
Shields        | |  2.5

Action                   |  1- 3 |  4- 6 |  7- 9 || total
-------------------------+-------+-------+-------++-------
Melee: War axe           |   108 |   147 |     5 ||   260
       Flail             |       |       |   325 ||   325
Throw: Dart              |       |     5 |    15 ||    20
       Boomerang         |       |       |    13 ||    13
Invok: Heroism           |       |       |     2 ||     2
Evoke: Wand              |       |    10 |     6 ||    16
  Use: Scroll            |     1 |     8 |     5 ||    14
       Potion            |       |       |     6 ||     6
Armor: Scale mail        |    66 |     9 |       ||    75
       Chain mail        |       |   101 |   200 ||   301
       Skin              |       |       |    63 ||    63
Dodge: Dodged            |    53 |    46 |    94 ||   193
Block: Buckler           |    27 |    34 |    72 ||   133

Table legend: (Time is in decaauts)
 A = Elapsed time spent in this place.
 B = Non-inter-level travel time spent in this place.
 C = Inter-level travel time spent in this place.
 D = Time resting spent in this place.
 E = Time spent auto-exploring this place.
 F = Levels seen in this place.
 G = Mean time per level.
                   A        B        C        D        E       F      G
               +--------+--------+--------+--------+--------+-----+--------+
         Total |  10532 |   9950 |    582 |   3938 |   3838 |   9 | 1170.2 |
       Dungeon |   9791 |   9234 |    557 |   3608 |   3838 |   7 | 1398.7 |
        Temple |     66 |     41 |     25 |      0 |      0 |   1 |   66.0 |
        Bailey |    673 |    673 |      0 |    330 |      0 |   1 |  673.0 |
               +--------+--------+--------+--------+--------+-----+--------+

Top non-repeatable levels by time:
     D:6: 2653 daAuts
     D:5: 2311 daAuts
     D:1: 1371 daAuts
     D:2: 1207 daAuts
     D:3: 1014 daAuts
     D:4: 1009 daAuts
  Bailey: 673 daAuts
     D:7: 223 daAuts
  Temple: 66 daAuts
